 Dungeon Crawl Stone Soup version 0.29-a0-490-g77b3608bb8 (webtiles) character file.

Game seed: 6426756770851239189

3633 Hubjo the Arsonist (level 9, -7/55 HPs)
             Began as a Deep Elf Fire Elementalist on May 26, 2022.
             Was an Initiate of Sif Muna.
             Mangled by an orc knight
             ... wielding a +2 war axe of electrocution
              (24 damage)
             ... on level 8 of the Dungeon.
             The game lasted 00:20:34 (14997 turns).

Hubjo the Arsonist (Deep Elf Fire Elementalist)    Turns: 14997, Time: 00:20:40

Health: -7/55      AC:  6    Str:  5    XL:     9   Next: 87%
Magic:  5/23       EV: 12    Int: 25    God:    Sif Muna [......]
Gold:   449        SH:  0    Dex: 15    Spells: 7/25 levels left

rFire   . . .      SeeInvis .   E - +5 dagger
rCold   . . .      Faith    .   (no shield)
rNeg    . . .      Spirit   .   a - +0 robe
rPois   .          Reflect  .   s - +1 helmet
rElec   .          Harm     .   (no cloak)
rCorr   .          Rampage  .   G - +0 pair of gloves
Will    .....                   w - +0 pair of boots
Stlth   ++++......              (no amulet)
HPRegen 0.18/turn               (no ring)
MPRegen 0.18/turn               (no ring)

@: no status effects
A: no striking features
a: Renounce Religion


You were on level 8 of the Dungeon.
You worshipped Sif Muna.
Sif Muna was noncommittal.
You visited 2 branches of the dungeon, and saw 9 of its levels.
You also visited: Ossuary.

You collected 509 gold pieces.
You spent 60 gold pieces at shops.

Inventory:

Hand Weapons
 E - a +5 dagger (weapon)
Armour
 a - a +0 robe (worn)
 s - a +1 helmet (worn)
 w - a +0 pair of boots (worn)
 G - a +0 pair of gloves (worn)
Wands
 l - a wand of paralysis (17)
 u - a wand of flame (25)
 D - a wand of mindburst (11)
Scrolls
 c - a scroll of poison
 h - a scroll of noise
 k - a scroll of vulnerability
 o - 3 scrolls of teleportation
 p - a scroll of blinking
 y - a scroll of magic mapping
 C - a scroll of amnesia
Potions
 b - 2 potions of magic
 d - 4 potions of curing
 e - a potion of berserk rage {unknown}
 f - a potion of ambrosia {unknown}
 i - 2 potions of cancellation
 j - 6 potions of brilliance
 m - a potion of flight {unknown}
 n - 3 potions of haste {unknown}
 q - 3 potions of lignification {unknown}
 r - a potion of attraction {unknown}
 t - 2 potions of degeneration {unknown}
 v - a potion of might {unknown}
 x - a potion of heal wounds {unknown}
 z - a potion of resistance {unknown}
 A - 2 potions of mutation {unknown}
 B - a potion of invisibility {unknown}


   Skills:
 + Level 5.7 Fighting
 - Level 2.4 Dodging
 + Level 8.6 Stealth
 + Level 8.8 Spellcasting
 - Level 1.1 Conjurations
 * Level 4.3 Summonings
 - Level 8.8 Fire Magic


You had 7 spell levels left.
You knew the following spells:

 Your Spells              Type           Power      Damage    Failure   Level
a - Foxfire               Conj/Fire      100%       2x1d9     1%          1
b - Flame Wave            Conj/Fire      35%        2d8       7%          4
c - Summon Cactus Giant   Summ           16%        N/A       82%         6
d - Spellforged Servitor  Conj/Summ      12%        N/A       100%        7

Your spell library contained the following spells:

 Spells                   Type           Power      Damage    Failure   Level
 Summon Small Mammal      Summ           100%       N/A       1%          1
 Call Imp                 Summ           32%        N/A       1%          2
 Scorch                   Fire           100%       2d10      1%          2
 Call Canine Familiar     Summ           32%        N/A       2%          3
 Conjure Flame            Conj/Fire      35%        6-21      2%          3
 Inner Flame              Hex/Fire       33%        N/A       2%          3
 Magic Dart               Conj           64%        1d6       3%          1
 Shock                    Conj/Air       52%        1d6       4%          1
 Apportation              Tloc           22%        N/A       5%          1
 Freeze                   Ice            44%        1d6       5%          1
 Necrotize                Necr           44%        1d6       5%          1
 Summon Guardian Golem    Hex/Summ       21%        N/A       7%          3
 Blink                    Tloc           22%        N/A       9%          2
 Poisonous Vapours        Pois/Air       22%        N/A       9%          2
 Mephitic Cloud           Conj/Pois/Air  12%        N/A       14%         3
 Frozen Ramparts          Ice            22%        1d4       17%         3
 Lesser Beckoning         Tloc           11%        N/A       17%         3
 Swiftness                Air            11%        N/A       17%         3
 Hailstorm                Conj/Ice       13%        3d5       41%         4
 Airstrike                Air            5%         N/A       50%         4
 Corpse Rot               Necr/Pois/Air  11%        N/A       50%         4
 Passage of Golubria      Tloc           11%        N/A       50%         4
 Summon Forest            Summ/Tloc      10%        N/A       54%         5
 Summon Mana Viper        Hex/Summ       21%        N/A       54%         5
 Manifold Assault         Tloc           11%        N/A       83%         5
 Silence                  Hex/Air        5%         N/A       83%         5
 Orb of Destruction       Conj           8%         9d6       100%        7
 Lehudib's Crystal Spear  Conj/Erth      6%         10d3      100%        8


Dungeon Overview and Level Annotations

Branches:
Dungeon (8/15)             Temple (1/1) D:7         Ossuary (visited)
   Lair: D:8-11

Altars:
Ashenzari
Cheibriados
Dithmenos
Gozag
Hepliaklqana
Kikubaaqudgha
Makhleb
Nemelex Xobeh
Okawaru
Qazlal
Ru
Sif Muna
Trog
Uskayaw
Vehumet
Wu Jian
Xom
Yredelemnul
Zin

Shops:
D:6 (([?   D:7 =

Annotations:
D:3 2 transporters, oldark's ghost, amateur DDMo


Message History

The orc knight is heavily wounded.
The foxfire hits the orc knight but does no damage.
The orc knight is heavily wounded.
The foxfire hits the orc knight but does no damage.
The orc knight is heavily wounded.
The foxfire hits the orc knight but does no damage.
The orc knight is heavily wounded.
Casting: Foxfire (safe; 1% risk of failure)
Confirm with . or Enter, or press ? or * to list all spells.
You conjure some foxfire!
The orc knight is no longer paralysed.
The foxfire hits the orc knight.
The orc knight is heavily wounded.
Casting: Foxfire (safe; 1% risk of failure)
Confirm with . or Enter, or press ? or * to list all spells.
You conjure some foxfire!
The foxfire hits the orc knight.
The orc knight is severely wounded.
The foxfire hits the orc knight.
The orc knight is severely wounded.
Unknown command.
Casting: Foxfire (safe; 1% risk of failure)
Confirm with . or Enter, or press ? or * to list all spells.
You conjure some foxfire!
The foxfire hits the orc knight but does no damage.
The orc knight is severely wounded.
The foxfire hits the orc knight but does no damage.
The orc knight is severely wounded.
The orc knight hits you with a +2 war axe of electrocution!
* * * LOW HITPOINT WARNING * * *
The orc knight misses your foxfire.
The orc knight closely misses your foxfire.
Casting: Foxfire (safe; 1% risk of failure)
Confirm with . or Enter, or press ? or * to list all spells.
You don't know that spell.
You feel better.
The foxfire hits the orc knight but does no damage.
The orc knight is severely wounded.
The foxfire hits the orc knight.
The orc knight is severely wounded.
The orc knight hits you with a +2 war axe of electrocution!!
You die...

......... .... #
#.....####)..##
..#####..)..)#......#
#.....#....o.<)......
#......###.........
####...###....)....
#.....###...K....
#.#.o.# #...##...
#..##@.# #...# ..
#..# ##ยง.##...# .
...# ..##...# #...
#..# .#. #... ....
.###.


You could see an orc knight.

Vanquished Creatures
  Pikel (D:7)
  Grinder (D:3)
  2 water moccasins (D:6)
  A sky beast (D:6)
  2 ogres
  2 phantoms
  4 kobold brigands
  3 bullfrogs
  A gnoll sergeant (D:6)
  4 scorpions
  A necrophage (D:8)
  14 wights (D:7)
  2 howler monkeys (D:8)
  4 hounds
  A gnoll shaman (D:4)
  6 iguanas
  8 mummies (Ossuary)
  9 gnolls
  9 adders
  2 shadow imps (D:7)
  A white imp (D:5)
  2 ufetubi
  A worm (D:2)
  5 dart slugs
  10 orcs
  5 ball pythons
  2 bats (D:1)
  11 endoplasms
  2 giant cockroaches
  A gnoll zombie (Ossuary)
  5 goblins
  7 hobgoblins
  8 jackals
  12 kobolds
  6 quokkas
  6 frilled lizards
  2 hobgoblin zombies (Ossuary)
  A kobold zombie (Ossuary)
  4 orc zombies (Ossuary)
  7 rats
175 creatures vanquished.

Vanquished Creatures (collateral kills)
  3 foxfires (D:1)
3 creatures vanquished.

Vanquished Creatures (others)
  1204 foxfires
  34 plants (D:8)
1238 creatures vanquished.

Grand Total: 1416 creatures vanquished

Notes
Turn   | Place    | Note
-------+----------+-------------------------------------------
     0 | D:1      | Hubjo the Deep Elf Fire Elementalist began the quest for
                  | the Orb.
     0 | D:1      | Reached XP level 1. HP: 10/10 MP: 6/6
   539 | D:1      | Reached XP level 2. HP: 16/16 MP: 5/8
   837 | D:1      | Reached skill level 1 in Fighting
  1321 | D:1      | Reached XP level 3. HP: 20/20 MP: 5/9
  2236 | D:2      | Reached XP level 4. HP: 26/26 MP: 6/11
  2721 | D:2      | Found an iron altar of Okawaru.
  3356 | D:3      | Found a transporter.
  3356 | D:3      | Found a transporter.
  3356 | D:3      | Noticed oldark's ghost (amateur DDMo)
  3729 | D:3      | Noticed Grinder
  3739 | D:3      | Paralysed by Grinder for 5 turns
  3757 | D:3      | Killed Grinder
  3758 | D:3      | Reached XP level 5. HP: 7/32 MP: 2/13
  3758 | D:3      | Reached XP level 6. HP: 8/37 MP: 2/14
  3763 | D:3      | Learned a level 4 spell: Flame Wave
  4601 | D:3      | Found a faded altar of an unknown god.
  4819 | D:4      | Found a hide-covered altar of Uskayaw.
  4842 | D:4      | Found an iron altar of Okawaru.
  4895 | D:4      | Reached skill level 5 in Spellcasting
  4895 | D:4      | Reached skill level 5 in Fire Magic
  5860 | D:4      | Found a sacrificial altar of Ru.
  5998 | D:4      | Reached XP level 7. HP: 32/41 MP: 10/16
  6421 | D:5      | Entered Level 5 of the Dungeon
  6677 | D:5      | Reached skill level 5 in Stealth
  7215 | D:5      | Found a stormy altar of Qazlal.
  7940 | D:6      | Found Juag's Magic Scroll Shop.
  8045 | D:6      | Reached XP level 8. HP: 8/48 MP: 0/19
  8468 | D:6      | Found a sand-covered staircase.
  8541 | Ossuary  | Entered an ossuary
  9078 | D:6      | Found Nusch's Weapon Shoppe.
  9110 | D:6      | Found Etzy's Weapon Boutique.
  9137 | D:6      | Found Wyom's Antique Armour Boutique.
  9485 | D:6      | Bought a scroll of identify for 20 gold pieces
  9485 | D:6      | Bought a scroll of identify for 20 gold pieces
  9485 | D:6      | Bought a scroll of identify for 20 gold pieces
 10430 | D:7      | Noticed Pikel
 10440 | D:7      | Killed Pikel
 10441 | D:7      | Reached XP level 9. HP: 31/53 MP: 9/22
 10448 | D:7      | Learned a level 6 spell: Summon Cactus Giant
 10731 | D:7      | Reached skill level 5 in Fighting
 11194 | D:7      | Found Fadyssi's Jewellery Emporium.
 11221 | D:7      | Reached skill level 1 in Summonings
 12469 | D:7      | Found a staircase to the Ecumenical Temple.
 12556 | Temple   | Entered the Ecumenical Temple
 12565 | Temple   | Became a worshipper of Sif Muna the Loreminder
 13040 | D:7      | HP: 2/54 [poisoned by a water moccasin]
 14224 | D:7      | Learned a level 7 spell: Spellforged Servitor
 14229 | D:8      | Noticed an orc knight
 14997 | D:8      | Mangled by an orc knight

Illustrated notes

Levels and vault maps discovered:
D:1:      kilobyte_arrival_exit_the_forest, layout_loops_ring
D:2:      layout_basic, basic_altar, minmay_misc_feat_cross, minmay_pentomino_x2
D:3:      layout_basic, basic_ecumenical_altar, gammafunk_ghost_arena,
          uniq_grinder
D:4:      layout_loops_ring, okawaru_metal_pillars_1_2, kennysheep_mini,
          mainiacjoe_overflow_brackets, serial_rivers,
          chequers_serial_rivers_marsh, chequers_serial_rivers_marsh,
          chequers_serial_rivers_micro_b, chequers_serial_rivers_small_3,
          chequers_serial_rivers_marsh
D:5:      layout_layer_cave, kennysheep_little_box, minmay_misc_feat_hallway
D:6:      layout_basic, serial_shops, nicolae_shop_crystal, shop, shop,
          nicolae_square_shop, enter_ossuary_2, eino_tiny_chamber
D:7:      layout_loops_ring, temple_fountains, serial_shops, shop, uniq_pikel
D:8:      lemuel_castle_with_subvaults [lemuel_castle_interior_original],
          layout_layer_cave, david_lair_shrubbed, serial_shops, shop,
          amethyst_killhole, uniq_prince_ribbit1
Temple:   minmay_freezing_vapour_temple

Skill      XL: |  1  2  3  4  5  6  7  8  9 |
---------------+----------------------------+-----
Fighting       | 1 3 4 5 |  5.7
Stealth        | 3 4 5 7 8 |  8.6
Spellcasting   | 4 5 6 7 8 |  8.8
Fire Magic     | 4 5 6 8 |  8.8
Summonings     | 4 |  4.3
Dodging        | |  2.4
Conjurations   | |  1.1

Action                   |  1- 3 |  4- 6 |  7- 9 || total
-------------------------+-------+-------+-------++-------
Melee: Dagger            |     8 |     9 |    36 ||    53
       Punch             |       |       |     2 ||     2
 Cast: Foxfire           |   125 |   253 |   355 ||   733
       Flame Wave        |       |     1 |    14 ||    15
Evoke: Wand              |       |     1 |     4 ||     5
  Use: Potion            |       |     1 |     3 ||     4
       Scroll            |       |     4 |    12 ||    16
Armor: Robe              |     2 |     1 |    19 ||    22
Dodge: Dodged            |     8 |    22 |    80 ||   110

Table legend: (Time is in decaauts)
 A = Elapsed time spent in this place.
 B = Non-inter-level travel time spent in this place.
 C = Inter-level travel time spent in this place.
 D = Time resting spent in this place.
 E = Time spent auto-exploring this place.
 F = Levels seen in this place.
 G = Mean time per level.
                   A        B        C        D        E       F      G
               +--------+--------+--------+--------+--------+-----+--------+
         Total |  15005 |  14153 |    852 |   3268 |   9157 |  10 | 1500.5 |
       Dungeon |  14546 |  13694 |    852 |   3268 |   8812 |   8 | 1818.2 |
        Temple |     14 |     14 |      0 |      0 |      0 |   1 |   14.0 |
       Ossuary |    444 |    444 |      0 |      0 |    345 |   1 |  444.0 |
               +--------+--------+--------+--------+--------+-----+--------+

Top non-repeatable levels by time:
     D:7: 3968 daAuts
     D:6: 2562 daAuts
     D:1: 1982 daAuts
     D:4: 1714 daAuts
     D:5: 1501 daAuts
     D:3: 1424 daAuts
     D:2: 1311 daAuts
 Ossuary: 444 daAuts
     D:8: 80 daAuts
  Temple: 14 daAuts
